 Dungeon Crawl Stone Soup version 0.27-a0-1158-gaa87e14f67 (webtiles) character file.

Game seed: 14161633957449796089

718 avis the Basher (level 7, 0/59 HPs)
             Began as a Hill Orc Monk on May 15, 2021.
             Splashed by a jelly's acid (5 damage)
             ... on level 5 of the Dungeon.
             The game lasted 00:23:41 (5486 turns).

avis the Basher (Hill Orc Monk)                     Turns: 5486, Time: 00:23:42

Health: 0/59       AC:  3    Str: 28    XL:     7   Next: 70%
Magic:  7/7        EV:  9    Int: 10    God:
Gold:   145        SH:  0    Dex: 13    Spells: 6/6 levels left

rFire    . . .     SeeInvis .   a - +1 mace (freeze)
rCold    . . .     Faith    .   (no shield)
rNeg     . . .     Spirit   .   k - +0 chain mail
rPois    .         Reflect  .   d - +0 helmet
rElec    .         Harm     .   z - +0 cloak
rCorr    .         Rampage  .   (no gloves)
Will     .....                  C - +0 pair of boots
Stlth    ..........             (no amulet)
HPRegen  0.19/turn              G - +6 ring of strength
MPRegen  0.10/turn              H - +6 ring of strength

@: corroded
A: no striking features
a: no special abilities


You were on level 5 of the Dungeon.
You visited 1 branch of the dungeon, and saw 5 of its levels.

You collected 236 gold pieces.
You spent 91 gold pieces at shops.

Inventory:

Hand Weapons
 a - a +1 mace of freezing (weapon)
 b - a +0 hunting sling
 w - a +3 vampiric dagger
 x - a +0 hunting sling
Missiles
 c - 54 arrows
 f - 105 stones (quivered)
 u - 42 sling bullets
 D - 11 poisoned darts
Armour
 d - a +0 helmet (worn)
 h - a +0 chain mail
 k - a +0 chain mail (worn)
 s - a +0 leather armour
 t - a +0 plate armour
 z - a +0 cloak (worn)
 C - a +0 pair of boots (worn)
Jewellery
 G - a +6 ring of strength (left hand)
 H - a +6 ring of strength (right hand)
Wands
 n - a wand of digging (4)
Scrolls
 g - a scroll of fog
 l - a scroll of fear
 r - 2 scrolls of noise
Potions
 e - a potion of haste
 i - a potion of magic {unknown}
 j - 2 potions of curing
 o - a potion of mutation
 q - 3 potions of lignification
 A - a potion of degeneration
 B - a potion of attraction
 F - a potion of invisibility {unknown}


   Skills:
 - Level 4.0 Fighting
 * Level 9.2 Maces & Flails
 - Level 3.0 Dodging
 - Level 1.5 Stealth


You had 6 spell levels left.
You didn't know any spells.
Your spell library was empty.

Dungeon Overview and Level Annotations

Branches:
Dungeon (5/15)             Temple (0/1) D:4

Altars:
The Shining One

Shops:
D:3 ![   D:4 =

Portals:
Ossuary: D:5


Message History

* * * LOW HITPOINT WARNING * * *
The black bear barely misses you. x2
You barely miss the black bear.
The black bear is severely wounded.
The black bear closely misses you. The black bear barely misses you.
The black bear claws you but does no damage.
You hit the black bear but do no damage.
The black bear is severely wounded.
The black bear closely misses you. The black bear barely misses you.
The black bear claws you but does no damage.
You thump the black bear! You freeze the black bear.
You kill the black bear!
Your Maces & Flails skill increases to level 9!
A sky beast comes into view.
The sky beast flickers out of sight!
Deactivating autopickup; reactivate with Ctrl-A.
You hear the hiss of an avalanche of sand nearby.
You hear the slow rusting of a drain nearby.
A jelly comes into view.
The jelly quivers.
Found 6 curare-tipped darts.
The jelly hits you.
* * * LOW HITPOINT WARNING * * *
The acid corrodes you!
You are splashed with acid.
* * * LOW HITPOINT WARNING * * *
Found a scroll labelled ILIF KUTSIONAN.
Found a fizzy brown potion.
Found a sand-covered staircase.
You see here a fizzy brown potion.
i - a fizzy brown potion The jelly jiggles.
The jelly hits you but does no damage.
You hit the jelly. You freeze the jelly. The acid corrodes you!
Your hands burn!
* * * LOW HITPOINT WARNING * * *
The jelly is moderately wounded.
The jelly barely misses you.
You hit the jelly. You freeze the jelly. The acid corrodes you!
Your hands burn!
You die...

*******,**,* #.* *,*
** *,,,,,,,,,,* #.#
*,* * *,******,***
*.# *,* *,* *,* *#.**
*,***** **,** *,##*
*#.,,* *,,,,,,
**,*,*****,*8###.#8,*
*******
*,***,,,,*,##.#..##,#
**,*,***,*,#......#.#
**,** *,*,*#∩@.....#
*** *,*,*#.#J...##
*,#.*###..###
*,#..8#.###8######*
*****
*,***#..........?.*
,,,,* *,*
#.###.######,* ***,*
*,* #.* #.# *,# *,*
*,* #.* #.# **##.##
*,* *,* #.* #.#
*.....#


You could see a jelly.

Vanquished Creatures
  A hornet zombie (D:5)
  An ice beast (D:5)
  A black bear (D:5)
  A phantom (D:5)
  A crimson imp (D:4)
  A bullfrog skeleton (D:5)
  Jessica (D:2)
  An iguana (D:4)
  An orc wizard (D:4)
  A hound zombie (D:5)
  A hound skeleton (D:3)
  8 adders
  A white imp (D:5)
  A worm (D:2)
  3 dart slugs
  8 orcs
  4 ball pythons
  6 bats
  10 endoplasms
  2 giant cockroaches (D:3)
  9 hobgoblins
  12 jackals (D:1)
  8 kobolds
  6 quokkas
  5 frilled lizards
  7 goblins
  A goblin zombie (D:4)
  4 hobgoblin zombies (D:4)
  3 kobold skeletons (D:4)
  A kobold zombie (D:4)
  An orc skeleton (D:4)
  8 rats
119 creatures vanquished.

Vanquished Creatures (others)
  A quokka (D:5)
1 creature vanquished.

Grand Total: 120 creatures vanquished

Notes
Turn   | Place    | Note
-------+----------+-------------------------------------------
     0 | D:1      | avis the Hill Orc Monk began the quest for the Orb.
     0 | D:1      | Reached XP level 1. HP: 19/19 MP: 1/1
   349 | D:1      | Reached XP level 2. HP: 7/27 MP: 2/2
   633 | D:1      | Reached skill level 4 in Maces & Flails
   971 | D:1      | Found a faded altar of an unknown god.
  1186 | D:1      | Reached XP level 3. HP: 26/33 MP: 3/3
  2100 | D:2      | Noticed Jessica
  2109 | D:2      | Killed Jessica
  2110 | D:2      | Reached skill level 5 in Maces & Flails
  2110 | D:2      | Reached XP level 4. HP: 39/40 MP: 4/4
  2844 | D:2      | Reached XP level 5. HP: 46/46 MP: 5/5
  3327 | D:3      | Found Jiemyabi's Antique Armour Boutique.
  3438 | D:3      | Reached skill level 6 in Maces & Flails
  3731 | D:3      | Found Dedaw's Distillery.
  3753 | D:3      | Bought a potion of degeneration for 13 gold pieces
  3753 | D:3      | Bought a potion of curing for 39 gold pieces
  3753 | D:3      | Bought a potion of attraction for 39 gold pieces
  4481 | D:4      | Found Vanehuixia's Jewellery Boutique.
  4517 | D:4      | Found a glowing golden altar of the Shining One.
  4562 | D:4      | Reached XP level 6. HP: 42/52 MP: 6/6
  4676 | D:4      | Found a staircase to the Ecumenical Temple.
  4724 | D:4      | Reached skill level 7 in Maces & Flails
  5249 | D:5      | Entered Level 5 of the Dungeon
  5333 | D:5      | Noticed an ice beast
  5348 | D:5      | Killed an ice beast
  5349 | D:5      | Reached skill level 8 in Maces & Flails
  5349 | D:5      | Reached XP level 7. HP: 40/59 MP: 7/7
  5435 | D:5      | Reached skill level 9 in Maces & Flails
  5482 | D:5      | Found a sand-covered staircase.
  5486 | D:5      | Splashed by a jelly's acid

Illustrated notes

Levels and vault maps discovered:
D:1:      psy_arrival_fountain, layout_loops_ring, ebering_ecumenical_altar_box,
          serial_co_window_serial, co_window_cross_1, co_window_corner_a,
          co_window_paths_b, co_window_paths_a, co_window_corner_a,
          co_window_corner_a, co_window_paths_b, co_window_cross_2,
          co_window_broadway_c, co_window_broadway_a, co_window_corner_b,
          glass_columns_a, glass_columns_a, glass_columns_a, glass_columns_a,
          amethyst_killhole
D:2:      layout_loops_cross, chequers_mini_garden, kennysheep_jessica_study,
          uniq_jessica
D:3:      layout_loops_cross, serial_shops, shop, shop
D:4:      layout_loops_cross, nicolae_tso_besieged_by_evil,
          minmay_temple_entry_ruins, serial_shops, nicolae_shop_statue_plus
D:5:      layout_loops_ring, elyvilon_altar_4, portal_sewer_entry_f,
          lightli_ossuary_entry_decrepit_ruins

Skill      XL: |  1  2  3  4  5  6  7 |
---------------+----------------------+-----
Maces & Flails | 4 5 6 8 9 |  9.2
Fighting       | 4 |  4.0
Dodging        | 3 |  3.0
Stealth        | |  1.5

Action                   |  1- 3 |  4- 6 |  7- 9 || total
-------------------------+-------+-------+-------++-------
Melee: Mace              |   113 |   145 |    37 ||   295
       Dagger            |     7 |   187 |       ||   194
  Use: Scroll            |       |    11 |     1 ||    12
       Potion            |       |     1 |       ||     1
 Stab: Sleeping          |     4 |       |       ||     4
Armor: Robe              |    23 |     1 |       ||    24
       Chain mail        |       |   166 |    27 ||   193
       Leather armour    |       |     7 |       ||     7
Dodge: Dodged            |    67 |   122 |    20 ||   209

Table legend: (Time is in decaauts)
 A = Elapsed time spent in this place.
 B = Non-inter-level travel time spent in this place.
 C = Inter-level travel time spent in this place.
 D = Time resting spent in this place.
 E = Time spent auto-exploring this place.
 F = Levels seen in this place.
 G = Mean time per level.
                   A        B        C        D        E       F      G
               +--------+--------+--------+--------+--------+-----+--------+
         Total |   5504 |   5221 |    283 |   1734 |   2140 |   5 | 1100.8 |
       Dungeon |   5504 |   5221 |    283 |   1734 |   2140 |   5 | 1100.8 |
               +--------+--------+--------+--------+--------+-----+--------+

Top non-repeatable levels by time:
     D:1: 2020 daAuts
     D:4: 1292 daAuts
     D:2: 1164 daAuts
     D:3: 829 daAuts
     D:5: 197 daAuts
